 Dungeon Crawl Stone Soup version 0.26.1-2-gb8aa6d0cf2 (webtiles) character file.

Game seed: 542259332769603628

646162 inmateoo the Acrobat (level 27, -16/207 HPs)
             Began as a Minotaur Gladiator on Feb 12, 2021.
             Was the Champion of Okawaru.
             Killed from afar by an orb of fire (36 damage)
             ... with a bolt of fire
             ... on level 5 of the Realm of Zot on Feb 17, 2021.
             The game lasted 01:26:51 (63045 turns).

inmateoo the Acrobat (Minotaur Gladiator)          Turns: 63045, Time: 01:26:51

Health: -16/207    AC: 49    Str: 20    XL:     27
Magic:  29/29      EV: 27    Int:  6    God:    Okawaru [******]
Gold:   4208       SH: 28    Dex: 27    Spells: 26/26 levels left

rFire    + + .     SeeInvis +   B - +10 scimitar "Utweh" {venom, rN+ Will+ SInv}
rCold    + + .     Faith    .   Y - +1 tower shield {reflect}
rNeg     + . .     Spirit   .   y - +12 gold dragon scales
rPois    +         Reflect  +   K - +2 hat {SInv}
rElec    +         Harm     .   p - +2 cloak of the Arcane {rElec rPois Int+5 Stlth-}
rCorr    +         Rampage  +   v - +1 pair of gloves of the Forest {rF+ rCorr}
Will     +++..                  W - +2 pair of boots {rampage}
Stlth    ..........             l - amulet of regeneration
HPRegen  0.00/turn              c - ring "Veirin" {*Drain rC+ Dex+3 Stlth+}
MPRegen  0.21/turn              O - +4 ring of evasion

@: heroism
A: retaliatory headbutt, hooves 1, horns 2, icy blue scales 1, iridescent scales
1, blurry vision 3, deformed body, deterioration 1, dopey 2, frail 2, screaming
1, inhibited regeneration, no potion heal 2, subdued magic 2
}: 3/15 runes: decaying, serpentine, silver
a: Renounce Religion, Heroism, Finesse


You were on level 5 of the Realm of Zot.
You worshipped Okawaru.
Okawaru was exalted by your worship.
You visited 10 branches of the dungeon, and saw 48 of its levels.
You visited the Abyss 4 times.
You also visited: Trove, Bailey, Gauntlet and Ice Cave.

You collected 7720 gold pieces.
You spent 3512 gold pieces at shops.

Inventory:

Hand Weapons
 B - the +10 scimitar "Utweh" (weapon) {venom, rN+ Will+ SInv}
   (Okawaru gifted it to you on level 1 of the Vaults)

   It poisons the flesh of those it strikes.
   It protects you from negative energy.
   It affects your willpower, your defense against some magical effects.
   It lets you see invisible.
 R - a +9 double sword of flaming
Missiles
 d - 5 throwing nets (quivered)
Armour
 p - the +2 cloak of the Arcane (worn) {rElec rPois Int+5 Stlth-}
   (Okawaru gifted it to you on level 13 of the Dungeon)

   It affects your intelligence (+5).
   It insulates you from electricity.
   It protects you from poison.
   It makes you less stealthy.
 q - the +2 pair of gloves of Gravity {+Inv rPois Will+ Dex+3}
   (You acquired it on level 4 of the Vaults)

   It affects your dexterity (+3).
   It protects you from poison.
   It affects your willpower, your defense against some magical effects.
   It lets you turn invisible.
 v - the +1 pair of gloves of the Forest (worn) {rF+ rCorr}
   (You bought it in a shop on level 2 of the Orcish Mines)

   It protects you from fire.
   It provides partial protection from all sources of acid and corrosion.
 y - +12 gold dragon scales (worn)
 K - a +2 hat of see invisible (worn)
 W - a +2 pair of boots of rampaging (worn)
 Y - a +1 tower shield of reflection (worn)
Jewellery
 c - the ring "Veirin" (left hand) {*Drain rC+ Dex+3 Stlth+}
   (You took it off a fire giant on level 5 of the Depths)

   [ring of stealth]

   It affects your dexterity (+3).
   It protects you from cold.
   It causes draining when unequipped.
   It makes you more stealthy.
 l - an amulet of regeneration (around neck)
 O - a +4 ring of evasion (right hand)
Wands
 a - a wand of enslavement (19)
 f - a wand of digging (10)
 k - a wand of random effects (60)
 s - a wand of iceblast (60)
 u - a wand of flame (80)
 z - a wand of paralysis (25)
 I - a wand of acid (43)
 S - a wand of disintegration (42)
Scrolls
 g - 3 scrolls of fog
 h - 8 scrolls of enchant weapon
 j - 7 scrolls of blinking
 m - 30 scrolls of teleportation
 n - 21 scrolls of remove curse
 r - 16 scrolls of fear
 C - 18 scrolls of identify
 N - 6 scrolls of holy word
 P - 3 scrolls of magic mapping
 Q - 10 scrolls of amnesia
Potions
 b - 14 potions of lignification
 e - 9 potions of curing
 i - 3 potions of berserk rage
 o - 6 potions of magic
 t - 6 potions of might
 A - 4 potions of ambrosia
 D - a potion of haste
 E - 2 potions of heal wounds
 F - 2 potions of resistance
 G - a potion of flight
 H - 10 potions of mutation
 J - 11 potions of brilliance
 U - 5 potions of cancellation
 X - 3 potions of invisibility
Miscellaneous
 x - a condenser vane
 M - a lightning rod (4/4)
 V - a box of beasts


   Skills:
 + Level 23.4(27) Fighting
 - Level 22.0(27) Long Blades
 - Level 2.0(7.0) Throwing
 - Level 20.0(25.0) Armour
 - Level 24.0(27) Dodging
 + Level 21.7(26.7) Shields
 - Level 10.0 Invocations
 - Level 21.0 Evocations


You had 26 spell levels left.
You didn't know any spells.
Your spell library contained the following spells:

 Spells                   Type           Power        Failure   Level
 Animate Skeleton         Necr           0%           99%         1
 Apportation              Tloc           0%           99%         1
 Beastly Appendage        Tmut           0%           99%         1
 Foxfire                  Conj/Fire      0%           99%         1
 Magic Dart               Conj           0%           99%         1
 Pain                     Necr           0%           99%         1
 Shock                    Conj/Air       0%           99%         1
 Summon Small Mammal      Summ           0%           99%         1
 Blink                    Tloc           N/A          100%        2
 Call Imp                 Summ           0%           100%        2
 Corpse Rot               Necr/Air       N/A          100%        2
 Ensorcelled Hibernation  Hex/Ice        0%           100%        2
 Poisonous Vapours        Pois/Air       0%           100%        2
 Searing Ray              Conj           0%           100%        2
 Swiftness                Air            0%           100%        2
 Wereblood                Tmut           0%           100%        2
 Call Canine Familiar     Summ           0%           100%        3
 Confusing Touch          Hex            0%           100%        3
 Conjure Flame            Conj/Fire      0%           100%        3
 Dazzling Flash           Conj/Hex       0%           100%        3
 Gell's Gravitas          Tloc           0%           100%        3
 Inner Flame              Hex/Fire       0%           100%        3
 Lesser Beckoning         Tloc           0%           100%        3
 Spider Form              Tmut/Pois      0%           100%        3
 Static Discharge         Conj/Air       0%           100%        3
 Stone Arrow              Conj/Erth      0%           100%        3
 Summon Guardian Golem    Hex/Summ       0%           100%        3
 Teleport Other           Tloc           0%           100%        3
 Tukima's Dance           Hex            0%           100%        3
 Vampiric Draining        Necr           0%           100%        3
 Airstrike                Air            0%           100%        4
 Animate Dead             Necr           0%           100%        4
 Fulminant Prism          Conj/Hex       0%           100%        4
 Ice Form                 Ice/Tmut       0%           100%        4
 Iskenderun's Mystic Bla  Conj/Tloc      0%           100%        4
 Leda's Liquefaction      Hex/Erth       0%           100%        4
 Passage of Golubria      Tloc           N/A          100%        4
 Petrify                  Tmut/Erth      0%           100%        4
 Sticky Flame             Conj/Fire      0%           100%        4
 Summon Ice Beast         Ice/Summ       0%           100%        4
 Summon Lightning Spire   Summ/Air       0%           100%        4
 Agony                    Necr           0%           100%        5
 Alistair's Intoxication  Tmut/Pois      0%           100%        5
 Blade Hands              Tmut           0%           100%        5
 Bolt of Magma            Conj/Fire/Erth 0%           100%        5
 Borgnjor's Vile Clutch   Necr/Erth      0%           100%        5
 Fireball                 Conj/Fire      0%           100%        5
 Lightning Bolt           Conj/Air       0%           100%        5
 Metabolic Englaciation   Hex/Ice        0%           100%        5
 Silence                  Hex/Air        0%           100%        5
 Summon Forest            Summ/Tloc      0%           100%        5
 Yara's Violent Unravell  Hex/Tmut       0%           100%        5
 Eringya's Noxious Bog    Tmut/Pois      0%           100%        6
 Freezing Cloud           Conj/Ice/Air   0%           100%        6
 Hydra Form               Tmut           0%           100%        6
 Invisibility             Hex            0%           100%        6
 Iron Shot                Conj/Erth      0%           100%        6
 Ozocubu's Refrigeration  Ice            0%           100%        6
 Shadow Creatures         Summ           N/A          100%        6
 Simulacrum               Ice/Necr       0%           100%        6
 Statue Form              Tmut/Erth      0%           100%        6
 Summon Hydra             Summ           0%           100%        7
 Chain Lightning          Conj/Air       0%           100%        8
 Lehudib's Crystal Spear  Conj/Erth      0%           100%        8
 Absolute Zero            Ice            0%           100%        9
 Fire Storm               Conj/Fire      0%           100%        9
 Shatter                  Erth           0%           100%        9


Dungeon Overview and Level Annotations

Branches:
Dungeon (15/15)            Temple (1/1) D:6            Lair (6/6) D:8
  Swamp (4/4) Lair:3        Snake (4/4) Lair:2        Slime (0/5) Lair:6
    Orc (2/2) D:11            Elf (0/3) Orc:2        Vaults (5/5) D:13
  Crypt (0/3) Vaults:2     Depths (5/5) D:15           Hell (visited)
    Zot (5/5) Depths:5     Bailey (visited)           IceCv (visited)
Gauntlet (visited)
    Dis: Hell:1         Geh: Hell:1         Coc: Hell:1         Tar: Hell:1

Altars:
Ashenzari
Cheibriados
Dithmenos
Elyvilon
Fedhas
Hepliaklqana
Kikubaaqudgha
Makhleb
Nemelex Xobeh
Okawaru
Qazlal
Ru
Sif Muna
Trog
Uskayaw
Vehumet
Xom
Yredelemnul
Zin
Beogh
Jiyva

Shops:
D:10 }   D:12 [   Orc:2 *(:[   Snake:2 }   Snake:3 ==}   Depths:1 ![?*

Portals:
Hell: Lair:6 Depths:1 Depths:2 Depths:3 Depths:4 Depths:5
Abyss: Depths:4 Depths:5
Pandemonium: Depths:1 Depths:3 Depths:4
Ziggurat: Depths:1

Annotations:
Hell Geryon


Innate Abilities, Weirdness & Mutations

You reflexively headbutt those who attack you in melee.
You have a pair of horns on your head.
You have large cloven feet.
You are partially covered in icy blue scales. (AC +2)
You are partially covered in iridescent scales. (AC +2)
Scrolls take you much longer to read.
Armour fits poorly on your strangely shaped body.
Your body sometimes deteriorates upon taking damage.
You are very dopey. (Int -4)
You are very frail. (-20% HP)
You occasionally shout uncontrollably at your foes.
You do not regenerate when monsters are visible.
Potions are poor at restoring your health.
Your spells are easier to cast, but less powerful.


Message History

You slash the orb of fire! Your headbutt misses the orb of fire.
The orb of fire is almost destroyed.
The orb of fire glows yellow.
The fireball explodes!
The fireball engulfs you. You resist.
* * * LOW HITPOINT WARNING * * *
The fireball engulfs the orb of fire.
The orb of fire completely resists.
You hear a shout!
You hear a roar! x2; You hear a shout!
You hear a deafening roar!
You hear a shout!
You closely miss the orb of fire.
The orb of fire is almost destroyed.
The orb of fire glows yellow.
The bolt of fire hits you!! You resist.
* * * LOW HITPOINT WARNING * * *
Your system partially rejects the healing.
You feel much better.
Your system partially rejects the healing.
You feel much better.
The orb of fire glows bright magenta.
The bolt of fire hits you!!! You resist.
You die...

........#
##...........## *,,,,
........# #.........^.#
*,,,, ........#
##...........## *,,,,
.......##
#......L......# **,,,
......##
##....X..(.....## **,,
.....##
#.....^X*D......# **,
######
########y########▓▓▓▓##
#)##*..............
##@#..........#####
##*##....⌠...# #
##.######...### # ##.##
##..<## # ##.##
##...##### ##.##
##...§§○. ##.##
#...○§§. #.## #...§○..
####### #..#####


You could see an orb of fire.

Vanquished Creatures
  2 ancient liches
  8 orbs of fire
  A juggernaut (Depths:3)
  Boris (thrice) (Vaults:4 Depths:5)
  Saint Roka (Depths:4)
  A shard shrike (Zot:4)
  Margery (Vaults:3)
  A Killer Klown (Zot:5)
  Xtahua (Vaults:4)
  A caustic shrike (Depths:5)
  5 curse toes
  8 golden dragons
  A bone dragon (Abyss:2)
  2 electric golems (Zot:3)
  2 liches
  19 tentacled monstrosities
  10 Orb Guardians (Zot:5)
  3 titans (Vaults:5)
  5 quicksilver dragons
  8 death cobs
  An Executioner (Abyss:2)
  9 sphinxes
  2 tentacled starspawn (Abyss:3)
  Gastronok (Lair:1)
  5 tengu reavers
  A thorn hunter (Swamp:4)
  11 shadow dragons
  17 storm dragons
  13 draconian monks
  5 nagarajas (Snake:4)
  A fenstrider witch (shapeshifter) (Depths:2)
  9 fire giants
  2 iron dragons
  8 frost giants
  4 draconian knights
  12 vault wardens
  2 orc warlords
  4 deep elf sorcerers
  A ghost moth (Zot:5)
  A ghoul (Vaults:4)
  14 draconian stormcallers
  A balrug (Abyss:2)
  5 draconian shifters
  8 draconian scorchers
  7 draconian annihilators
  2 war gargoyles
  4 spriggan defenders
  17 ironheart preservers
  The ghost of Faenar the Basher, a journeyman BaFi of Cheibriados (Lair:4)
  16 very ugly things
  26 stone giants
  4 deep elf demonologists
  5 green draconians
  Azrael (D:15)
  4 vampire knights
  13 white draconians
  19 red draconians
  2 dire elephants
  A lorocyproca (Depths:1)
  An entropy weaver (shapeshifter) (Depths:2)
  12 black draconians
  3 deep elf annihilators
  8 purple draconians
  2 spark wasps
  A minotaur (Gauntlet)
  10 yellow draconians
  3 bunyips
  2 jiangshi (Depths:5)
  9 eleionomae
  15 ettins
  4 deep elf death magi
  A blizzard demon (Depths:2)
  Josephine (Swamp:1)
  The ghost of Ahuekin the Slinger, a journeyman NaHu of Trog (Lair:1)
  14 yaktaur captains
  5 fire dragons
  8 great orbs of eyes
  Snorg (D:12)
  A deep elf high priest (Vaults:4)
  8 ice dragons
  25 hydras
  2 great orbs of eyes (shapeshifter) (Depths:2)
  14 naga warriors
  2 rakshasas
  43 vault guards
  2 hell beasts
  5 spriggan air magi
  7 ghost crabs
  8 anacondas
  5 boulder beetles
  8 alligators
  2 death knights
  11 centaur warriors
  16 ogre magi
  61 two-headed ogres
  18 dancing weapons
  4 tengu warriors
  2 hell hogs (Abyss:2)
  7 deep troll shamans
  A vampire mage (Depths:5)
  The ghost of puimuR the Severer, a novice HOMo of Makhleb (D:11)
  5 deep troll earth magi
  8 death yaks
  An orc high priest (Orc:2)
  4 spriggan berserkers
  Urug (Orc:1)
  5 shock serpents
  8 deep elf knights
  An iron golem (Depths:2)
  3 sun demons
  A soul eater (Abyss:3)
  11 naga sharpshooters
  8 thrashing horrors
  5 hell knights
  An unseen horror (shapeshifter) (Vaults:4)
  2 shadow wraiths
  4 goliath frogs
  15 skeletal warriors
  A wretched star (Abyss:2)
  11 wizards
  2 spatial maelstroms
  A salamander mystic (Snake:4)
  3 spriggan druids
  21 deep trolls
  8 bog bodies
  6 death drakes (Depths:5)
  11 glowing orange brains
  A swamp dragon (shapeshifter) (Vaults:5)
  4 unseen horrors
  3 flayed ghosts
  A sea snake (shapeshifter) (Depths:2)
  4 obsidian statues (Depths:2)
  12 swamp dragons
  A gelid demonspawn (Depths:4)
  10 naga ritualists
  8 deep elf archers
  A necromancer (Depths:2)
  16 ironbrand convokers
  5 harpies (Vaults:3)
  6 lindwurms
  19 orc knights
  5 phantasmal warriors
  7 mana vipers
  2 manticores
  A harpy (shapeshifter) (Depths:5)
  A mana viper (shapeshifter) (Vaults:5)
  16 deep elf magi
  6 orc sorcerers
  9 salamanders
  2 salamanders (shapeshifter)
  A shining eye (Gauntlet)
  5 wolf spiders
  7 will-o-the-wisps
  15 elephants
  6 cyclopes
  A faun (shapeshifter) (Depths:2)
  An elephant (shapeshifter) (Depths:3)
  21 moths of wrath
  30 ugly things
  2 worldbinders (Abyss:3)
  2 orange demons (Lair:6)
  12 vault sentinels
  32 black mambas
  An ice statue (IceCv)
  5 smoke demons
  3 molten gargoyles (Depths:2)
  A black mamba (shapeshifter) (Vaults:2)
  4 apocalypse crabs (Swamp:3)
  5 guardian serpents
  A rust devil (Depths:1)
  7 gargoyles
  22 naga magi
  9 large abominations
  A cane toad (shapeshifter) (Vaults:2)
  13 cane toads
  A torpor snail (Gauntlet)
  4 rime drakes
  2 hellions
  14 komodo dragons
  5 freezing wraiths
  A rime drake (shapeshifter) (Vaults:2)
  3 kobold demonologists (D:15)
  59 yaktaurs
  An efreet (D:13)
  3 ice devils
  4 red devils
  3 tengu conjurers
  18 polar bears
  8 trolls
  3 hellwings
  A jumping spider (shapeshifter) (D:15)
  7 wind drakes
  8 hornets
  2 meliai (shapeshifter) (D:13)
  A polar bear (shapeshifter) (Vaults:3)
  6 blink frogs
  A wind drake (shapeshifter) (Depths:2)
  A sphinx simulacrum (Vaults:3)
  4 tyrant leeches
  A dream sheep (Lair:6)
  A dream sheep (shapeshifter) (Depths:2)
  14 raiju
  31 slime creatures
  14 flying skulls
  4 ynoxinuls
  A shapeshifter (Vaults:1)
  A tarantella (shapeshifter) (Vaults:4)
  6 shadows (Gauntlet)
  7 spriggans
  Eustachio (D:6)
  6 air elementals (Depths:2)
  8 wraiths
  12 fire elementals
  5 wyverns
  7 water elementals
  2 vampires (D:13)
  A human (shapeshifter) (Depths:1)
  A yak (shapeshifter) (Depths:2)
  88 yaks
  16 vampire mosquitoes
  A golden eye (Gauntlet)
  2 neqoxecs
  Menkaure (D:6)
  6 basilisks
  A steam dragon (D:10)
  2 chaos spawn
  8 wargs
  2 acid dragons
  15 swamp worms
  46 nagas
  A soldier ant (shapeshifter) (Depths:5)
  4 spatial vortices
  8 hell hounds
  A human zombie (Depths:1)
  A soldier ant (D:11)
  13 water moccasins
  2 hydra simulacra (Zot:4)
  A floating eye (Depths:4)
  15 ice beasts
  13 swamp drakes
  3 sky beasts
  59 orc warriors
  2 phantoms
  5 black bears
  20 starcursed masses
  An eye of draining (D:9)
  40 ogres
  A deep troll simulacrum (Depths:1)
  23 wolves
  A hornet zombie (D:15)
  5 necrophages
  8 boggarts
  20 centaurs
  2 big kobolds
  18 bullfrogs
  7 earth elementals (Depths:2)
  9 small abominations
  A wyvern zombie (D:11)
  2 wyvern skeletons
  4 scorpions
  A killer bee (shapeshifter) (Depths:2)
  An orc simulacrum (Vaults:2)
  12 howler monkeys
  28 wights
  4 electric eels
  2 crimson imps
  7 centaur zombies
  10 quasits
  4 hounds
  13 jellies
  4 centaur skeletons
  23 orc priests
  30 orc wizards
  A bullfrog skeleton (D:8)
  4 iron imps
  7 iguanas
  11 worker ants
  A hound skeleton (D:7)
  16 gnolls
  A howler monkey skeleton (D:8)
  7 adders
  5 shadow imps
  8 white imps
  7 ufetubi
  An adder zombie (D:5)
  3 worms
  3 dart slugs (D:1)
  5 leopard geckos
  134 orcs
  7 giant cockroaches
  25 goblins
  22 hobgoblins
  5 jackals
  15 kobolds
  2 quokkas
  5 ball pythons
  5 bats
  3 frilled lizards
  A quokka skeleton (D:5)
  7 rats
  4 starspawn tentacles (Abyss:3)
2405 creatures vanquished.

Vanquished Creatures (collateral kills)
  Mennas (Depths:3)
  The ghost of JazCRAWL the Slayer, a legendary MiBe of Trog (Depths:5)
  A draconian shifter (Zot:3)
  A black draconian (Zot:3)
  A red draconian (Zot:3)
  A yellow draconian (Zot:3)
  A great orb of eyes (Depths:3)
  An ice dragon (Vaults:2)
  2 two-headed ogres
  3 skeletal warriors (Vaults:2)
  2 nagas (Snake:4)
  An ogre (Depths:3)
  A wight (D:9)
  A hobgoblin (Bailey)
18 creatures vanquished.

Vanquished Creatures (others)
  A lich (Depths:3)
  A nagaraja (Snake:4)
  A war gargoyle (Depths:2)
  A red draconian (Zot:2)
  An ettin (Depths:3)
  2 ice dragons (Depths:3)
  A hydra (Swamp:1)
  A spriggan (Swamp:1)
  A tengu warrior (Depths:3)
  2 spriggan druids (Swamp:3)
  A deep elf mage (Vaults:5)
  2 ugly things
  A centaur skeleton (D:14)
  A naga mage (Snake:4)
  A hornet (Swamp:1)
  2 bloated husks
  A small abomination (Abyss:2)
  A wraith (Swamp:1)
  3 nagas (Snake:1)
  A swamp worm (Swamp:1)
  An orc warrior (Bailey)
  An ogre (Vaults:2)
  A wight (D:9)
  An orc wizard (Orc:2)
  An iron imp (Depths:4)
  10 ball lightnings (Depths:2)
  3 briar patches (Swamp:4)
  A crawling corpse (Vaults:5)
  30 foxfires
  13 fungi
  2 lurking horrors (Abyss:2)
  29 plants
  13 starspawn tentacles
  38 withered plants (Swamp:1)
170 creatures vanquished.

Grand Total: 2593 creatures vanquished

Notes
Turn   | Place    | Note
-------+----------+-------------------------------------------
     0 | D:1      | inmateoo the Minotaur Gladiator began the quest for the
                  | Orb.
     0 | D:1      | Reached XP level 1. HP: 18/18 MP: 0/0
   351 | D:1      | Reached XP level 2. HP: 17/22 MP: 1/1
   660 | D:1      | Reached XP level 3. HP: 31/31 MP: 2/2
  1823 | D:3      | Noticed a torpor snail
  1825 | D:3      | Found a snail-covered altar of Cheibriados.
  1825 | D:3      | Noticed a torpor snail
  1827 | D:3      | Noticed a torpor snail
  1836 | D:3      | Reached XP level 4. HP: 38/38 MP: 3/3
  1903 | D:3      | Reached skill level 5 in Long Blades
  2098 | D:3      | Reached skill level 4 in Dodging
  2416 | D:4      | Reached XP level 5. HP: 43/46 MP: 4/4
  2484 | D:4      | Reached skill level 1 in Shields
  2488 | D:4      | Found a burning altar of Makhleb.
  2573 | D:4      | Reached skill level 1 in Armour
  2593 | D:4      | Noticed an ogre
  2597 | D:4      | Killed an ogre
  2598 | D:4      | Reached XP level 6. HP: 52/52 MP: 5/5
  3119 | D:5      | Entered Level 5 of the Dungeon
  3257 | D:5      | Reached XP level 7. HP: 54/60 MP: 6/6
  3301 | D:5      | Reached skill level 5 in Dodging
  3517 | D:5      | Found a broken altar of Ashenzari.
  3709 | D:5      | Reached skill level 5 in Fighting
  3960 | D:6      | Reached XP level 8. HP: 66/68 MP: 7/7
  4230 | D:6      | Noticed Menkaure
  4245 | D:6      | Killed Menkaure
  4369 | D:6      | Found a staircase to the Ecumenical Temple.
  4423 | Temple   | Entered the Ecumenical Temple
  4501 | Temple   | Became a worshipper of Warmaster Okawaru
  4552 | D:6      | Reached skill level 6 in Dodging
  4583 | D:6      | Reached skill level 5 in Armour
  4583 | D:6      | Reached skill level 5 in Shields
  4804 | D:6      | Reached * piety under Okawaru
  4822 | D:6      | Noticed Eustachio
  4840 | D:6      | Killed Eustachio
  4841 | D:6      | Reached XP level 9. HP: 78/78 MP: 8/8
  6332 | D:8      | Reached skill level 10 in Long Blades
  6403 | D:8      | Reached skill level 7 in Dodging
  6407 | D:8      | Reached ** piety under Okawaru
  6419 | D:8      | Found a staircase to the Lair.
  6858 | D:9      | Noticed a two-headed ogre
  6874 | D:8      | Killed a two-headed ogre
  6874 | D:8      | Reached *** piety under Okawaru
  6875 | D:8      | Reached XP level 10. HP: 29/88 MP: 9/9
  7052 | D:9      | Noticed a two-headed ogre
  7073 | D:9      | Killed a two-headed ogre
  7074 | D:9      | Reached skill level 8 in Dodging
  7171 | D:9      | Reached **** piety under Okawaru
  7752 | D:10     | Entered Level 10 of the Dungeon
  7762 | D:10     | Found an ancient bone altar of Kikubaaqudgha.
  7773 | D:10     | Reached skill level 10 in Fighting
  7851 | D:10     | Found Semuj's Gadget Shoppe.
  7859 | D:10     | Bought a condenser vane for 520 gold pieces
  7908 | D:10     | Reached ***** piety under Okawaru
  7909 | D:10     | Reached skill level 1 in Invocations
  7933 | D:10     | Reached skill level 1 in Evocations
  8057 | D:10     | Noticed a two-headed ogre
  8064 | D:10     | Killed a two-headed ogre
  8065 | D:10     | Reached XP level 11. HP: 77/100 MP: 9/11
  8419 | D:11     | Found a runed translucent gate.
  8419 | D:11     | Found a runed translucent gate.
  8419 | D:11     | Found a runed translucent gate.
  8453 | D:11     | Noticed a two-headed ogre
  8462 | D:11     | Killed a two-headed ogre
  8579 | D:11     | Reached ****** piety under Okawaru
  8866 | D:11     | Noticed puimuR's ghost (novice HOMo)
  9044 | D:11     | Found a staircase to the Orcish Mines.
  9230 | D:11     | Killed puimuR's ghost
  9230 | D:11     | Received a gift from Okawaru
  9231 | D:11     | Reached skill level 9 in Dodging
  9253 | D:11     | Got the ring of Ablagur {Fire}
  9260 | D:11     | Identified the ring of Ablagur {Fire *Contam +Blink Dex-2
                  | Slay+5} (You found it on level 11 of the Dungeon)
  9284 | D:11     | Gained mutation: Your magical capacity is low. (-10% MP)
                  | [mutagenic glow]
  9353 | D:12     | Noticed Snorg
  9364 | D:12     | Killed Snorg
  9368 | D:12     | Found a flagged portal.
  9394 | Bailey   | Entered a bailey
  9504 | Bailey   | Received a gift from Okawaru
  9537 | Bailey   | Noticed an orc knight
  9559 | Bailey   | Killed an orc knight
  9571 | Bailey   | Reached XP level 12. HP: 86/110 MP: 12/12
  9701 | Bailey   | Noticed an orc warlord
  9771 | Bailey   | Killed an orc warlord
 10040 | Bailey   | Reached skill level 10 in Dodging
 10040 | Bailey   | Reached skill level 10 in Shields
 10040 | Bailey   | Reached skill level 5 in Invocations
 10040 | Bailey   | Reached skill level 5 in Evocations
 10040 | Bailey   | Reached XP level 13. HP: 117/117 MP: 12/14
 10041 | Bailey   | Reached XP level 14. HP: 126/126 MP: 12/15
 10135 | D:12     | Found Ruchat's Antique Armour Shop.
 11309 | D:13     | Received a gift from Okawaru
 11322 | D:13     | Got a steaming cloak {god gift}
 11406 | D:13     | Identified the +2 cloak of the Arcane {rElec rPois Int+5
                  | Stlth-} (Okawaru gifted it to you on level 13 of the
                  | Dungeon)
 11692 | D:13     | Noticed a sphinx
 11710 | D:13     | Killed a sphinx
 11711 | D:13     | Reached skill level 11 in Dodging
 11778 | D:13     | Reached skill level 10 in Armour
 12378 | D:13     | Reached XP level 15. HP: 46/134 MP: 17/17
 12540 | D:13     | Found a gate to the Vaults.
 12993 | D:14     | Found a gate leading to a gauntlet.
 12997 | Gauntlet | Entered a Gauntlet
 12997 | Gauntlet | Found a transporter.
 13009 | Gauntlet | Found a transporter.
 13009 | Gauntlet | Found a transporter.
 13010 | Gauntlet | Found a transporter.
 13018 | Gauntlet | Found a transporter.
 13021 | Gauntlet | Found a transporter.
 13022 | Gauntlet | Found a transporter.
 13032 | Gauntlet | Found a transporter.
 13034 | Gauntlet | Found a transporter.
 13035 | Gauntlet | Found a transporter.
 13043 | Gauntlet | Found a transporter.
 13046 | Gauntlet | Found a transporter.
 13047 | Gauntlet | Found a transporter.
 13055 | Gauntlet | Found a transporter.
 13147 | Gauntlet | Gained mutation: Your spells are a little easier to cast,
                  | but a little less powerful. [a shining eye]
 13307 | Gauntlet | Identified the cursed +1 longbow of Living Tenacity
                  | {vorpal, Int+2 Dex+6} (You found it in a Gauntlet)
 13334 | Gauntlet | Received a gift from Okawaru
 13340 | Gauntlet | Got a pair of shimmering boots {god gift}
 13346 | Gauntlet | Identified the +1 pair of boots "Vemad" {Str-5 Int+8}
                  | (Okawaru gifted it to you in a Gauntlet)
 13615 | D:14     | Paralysed by a wizard for 3 turns
 13667 | D:14     | Reached skill level 12 in Dodging
 14147 | D:14     | Reached skill level 15 in Long Blades
 14274 | D:15     | Entered Level 15 of the Dungeon
 14365 | D:15     | Noticed Azrael
 14395 | D:15     | Killed Azrael
 14901 | D:15     | Received a gift from Okawaru
 14912 | D:15     | Got a scorched double sword {god gift}
 14913 | D:15     | Identified the +0 double sword of the Pit {venom, +Inv}
                  | (Okawaru gifted it to you on level 15 of the Dungeon)
 15240 | D:15     | Found a staircase to the Depths.
 15483 | Lair:1   | Entered Level 1 of the Lair of Beasts
 15831 | Lair:1   | Reached XP level 16. HP: 146/146 MP: 19/19
 15837 | Lair:1   | Found a shimmering blue altar of Sif Muna.
 15839 | Lair:1   | Noticed Gastronok
 15858 | Lair:1   | Killed Gastronok
 16093 | Lair:1   | Found a large runed translucent door.
 16094 | Lair:1   | Found a large runed translucent door.
 16096 | Lair:1   | Noticed Ahuekin's ghost (journeyman NaHu)
 16328 | Lair:1   | Killed Ahuekin's ghost
 16567 | Lair:2   | Found a frozen archway.
 16626 | IceCv    | Entered an ice cave
 16649 | IceCv    | Received a gift from Okawaru
 16658 | IceCv    | Got an ancient falchion {god gift}
 16659 | IceCv    | Identified the +1 falchion of Offence {flame, rPois rC+
                  | Will+} (Okawaru gifted it to you in an ice cave)
 16855 | IceCv    | Reached skill level 10 in Evocations
 17641 | Lair:2   | Found a staircase to the Snake Pit.
 18189 | Lair:3   | Reached skill level 13 in Dodging
 18240 | Lair:3   | Received a gift from Okawaru
 18456 | Lair:3   | Found a staircase to the Swamp.
 18926 | Lair:4   | Reached skill level 10 in Invocations
 19283 | Lair:4   | Found a runed translucent gate.
 19283 | Lair:4   | Found a runed translucent gate.
 19284 | Lair:4   | Found a runed translucent gate.
 19285 | Lair:4   | Noticed Faenar's ghost (journeyman BaFi)
 19596 | Lair:4   | Found a viscous altar of Jiyva.
 19708 | Lair:4   | Killed Faenar's ghost
 20494 | Lair:6   | Entered Level 6 of the Lair of Beasts
 20642 | Lair:6   | Received a gift from Okawaru
 20659 | Lair:6   | Identified the +1 ring mail "Joagraech" {rPois MP+9 Dex+3}
                  | (Okawaru gifted it to you on level 6 of the Lair of Beasts)
 20881 | Lair:6   | Found a staircase to the Slime Pits.
 20895 | Lair:6   | Reached XP level 17. HP: 151/152 MP: 21/21
 21127 | Lair:6   | Reached skill level 14 in Dodging
 21527 | Lair:6   | Found a burning altar of Makhleb.
 21591 | Lair:6   | Found a gateway to Hell.
 21859 | D:12     | Bought a glowing tower shield for 307 gold pieces
 21859 | D:12     | Bought a transparent scale mail for 369 gold pieces
 21859 | D:12     | Bought a pair of runed boots for 307 gold pieces
 21882 | D:12     | Identified the +3 scale mail of the Camelopard {rF+++ MP-9
                  | SInv} (You bought it in a shop on level 12 of the Dungeon)
 21984 | Orc:1    | Entered Level 1 of the Orcish Mines
 22147 | Orc:2    | Entered Level 2 of the Orcish Mines
 22194 | Orc:2    | Found a roughly hewn altar of Beogh.
 22194 | Orc:2    | Noticed Urug
 22363 | Orc:1    | Killed Urug
 22817 | Orc:2    | Gained mutation: Your body sometimes deteriorates upon
                  | taking damage. [a neqoxec]
 22826 | Orc:2    | Gained mutation: You occasionally shout uncontrollably at
                  | your foes. [a neqoxec]
 22835 | Orc:2    | Gained mutation: Armour fits poorly on your strangely
                  | shaped body. [a neqoxec]
 22850 | Orc:2    | Lost mutation: Your body sometimes deteriorates upon taking
                  | damage. [potion of mutation]
 22850 | Orc:2    | Lost mutation: Your magical capacity is low. (-10% MP)
                  | [potion of mutation]
 22850 | Orc:2    | Lost mutation: You occasionally shout uncontrollably at
                  | your foes. [potion of mutation]
 22850 | Orc:2    | Lost mutation: Armour fits poorly on your strangely shaped
                  | body. [potion of mutation]
 22850 | Orc:2    | Gained mutation: Your body sometimes deteriorates upon
                  | taking damage. [potion of mutation]
 22850 | Orc:2    | Gained mutation: You are robust. (+10% HP) [potion of
                  | mutation]
 22998 | Orc:2    | Found Sarok's General Store.
 23005 | Orc:2    | Found Soj Ziqo's Antique Weapon Emporium.
 23008 | Orc:2    | Found Zuabur's Antique Armour Emporium.
 23017 | Orc:2    | Found Lumet's Book Emporium.
 23063 | Orc:2    | Bought an embroidered cloak for 180 gold pieces
 23063 | Orc:2    | Bought a glowing cloak for 180 gold pieces
 23097 | Orc:2    | Bought a potion of heal wounds for 70 gold pieces
 23097 | Orc:2    | Bought the +1 pair of gloves of the Forest {rF+ rCorr} for
                  | 407 gold pieces
 23126 | Orc:2    | Found a staircase to the Elven Halls.
 23818 | Orc:1    | Found a runed translucent door.
 23947 | Orc:1    | Found a roughly hewn altar of Beogh.
 24173 | Swamp:1  | Entered Level 1 of the Swamp
 24220 | Swamp:1  | Noticed Josephine
 24264 | Swamp:1  | Killed Josephine
 24264 | Swamp:1  | Received a gift from Okawaru
 25576 | Swamp:2  | Reached skill level 15 in Dodging
 25580 | Swamp:2  | Received a gift from Okawaru
 26213 | Swamp:3  | Found a runed translucent door.
 26718 | Swamp:4  | Entered Level 4 of the Swamp
 26798 | Swamp:4  | Reached XP level 18. HP: 81/176 MP: 15/24
 27350 | Swamp:4  | Received a gift from Okawaru
 27358 | Swamp:4  | Reached skill level 15 in Evocations
 27615 | Swamp:4  | Got a decaying rune of Zot
 28028 | Snake:1  | Entered Level 1 of the Snake Pit
 28609 | Snake:2  | Found Lular's Gadget Boutique.
 29124 | Snake:2  | Found a shimmering altar of Xom.
 30024 | Snake:3  | Received a gift from Okawaru
 30027 | Snake:3  | Identified the +9 falchion of the Endless Expanse
                  | {antimagic, rN+} (Okawaru gifted it to you on level 3 of
                  | the Snake Pit)
 30707 | Snake:3  | Found Ceklup's Jewellery Shoppe.
 30708 | Snake:3  | Found Lupsaust's Gadget Shop.
 30710 | Snake:3  | Found Deror's Jewellery Shoppe.
 31093 | Snake:4  | Entered Level 4 of the Snake Pit
 31749 | Snake:4  | Reached XP level 19. HP: 125/183 MP: 16/25
 32142 | Snake:4  | Received a gift from Okawaru
 32900 | Snake:4  | Got a serpentine rune of Zot
 33430 | Vaults:1 | Entered Level 1 of the Vaults
 33590 | Vaults:1 | Received a gift from Okawaru
 33610 | Vaults:1 | Identified the +10 scimitar "Utweh" {venom, rN+ Will+ SInv}
                  | (Okawaru gifted it to you on level 1 of the Vaults)
 34175 | Vaults:1 | Received a gift from Okawaru
 34655 | Vaults:1 | Paralysed by a wizard for 6 turns
 34682 | Vaults:1 | Reached skill level 15 in Fighting
 34906 | Vaults:1 | Received a gift from Okawaru
 35618 | Vaults:2 | Reached XP level 20. HP: 195/195 MP: 17/26
 35685 | Vaults:2 | Found a staircase to the Crypt.
 36539 | Vaults:2 | Received a gift from Okawaru
 37274 | Vaults:3 | Received a gift from Okawaru
 37411 | Vaults:3 | Noticed Margery
 37563 | Vaults:3 | Killed Margery
 38358 | Vaults:3 | Reached XP level 21. HP: 126/204 MP: 18/27
 39134 | Vaults:3 | Received a gift from Okawaru
 39308 | Vaults:3 | Reached skill level 16 in Dodging
 39444 | Vaults:4 | Lost mutation: Your body sometimes deteriorates upon taking
                  | damage. [potion of mutation]
 39444 | Vaults:4 | Lost mutation: You are robust. (+10% HP) [potion of
                  | mutation]
 39444 | Vaults:4 | Lost mutation: Your spells are a little easier to cast, but
                  | a little less powerful. [potion of mutation]
 39444 | Vaults:4 | Gained mutation: Your system is resistant to poisons.
                  | (rPois) [potion of mutation]
 39444 | Vaults:4 | Gained mutation: Your flesh is cold resistant. (rC+)
                  | [potion of mutation]
 39444 | Vaults:4 | Gained mutation: Armour fits poorly on your strangely
                  | shaped body. [potion of mutation]
 39444 | Vaults:4 | Gained mutation: Your muscles are strong. (Str +2) [potion
                  | of mutation]
 39445 | Vaults:4 | Lost mutation: Your muscles are strong. (Str +2) [potion of
                  | mutation]
 39445 | Vaults:4 | Lost mutation: Your flesh is cold resistant. (rC+) [potion
                  | of mutation]
 39445 | Vaults:4 | Lost mutation: Armour fits poorly on your strangely shaped
                  | body. [potion of mutation]
 39445 | Vaults:4 | Lost mutation: Your system is resistant to poisons. (rPois)
                  | [potion of mutation]
 39445 | Vaults:4 | Gained mutation: Your mind is acute. (Int +2) [potion of
                  | mutation]
 39445 | Vaults:4 | Gained mutation: Armour fits poorly on your strangely
                  | shaped body. [potion of mutation]
 39445 | Vaults:4 | Gained mutation: Your system is resistant to poisons.
                  | (rPois) [potion of mutation]
 39446 | Vaults:4 | Lost mutation: Your mind is acute. (Int +2) [potion of
                  | mutation]
 39446 | Vaults:4 | Lost mutation: Your system is resistant to poisons. (rPois)
                  | [potion of mutation]
 39446 | Vaults:4 | Lost mutation: Armour fits poorly on your strangely shaped
                  | body. [potion of mutation]
 39446 | Vaults:4 | Gained mutation: You are partially covered in icy blue
                  | scales. (AC +2) [potion of mutation]
 39446 | Vaults:4 | Gained mutation: Your spells are a little easier to cast,
                  | but a little less powerful. [potion of mutation]
 39446 | Vaults:4 | Gained mutation: You have supernaturally acute eyesight.
                  | (SInv) [potion of mutation]
 40248 | Vaults:4 | Noticed Boris
 40292 | Vaults:4 | Killed Boris
 40815 | Vaults:4 | Identified a scroll of acquirement
 40815 | Vaults:4 | Acquired the +2 pair of gloves of Gravity {+Inv rPois Will+
                  | Dex+3}
 40887 | Vaults:5 | Entered Level 5 of the Vaults
 40934 | Vaults:4 | Reached skill level 17 in Dodging
 41001 | Vaults:4 | Reached skill level 15 in Armour
 41012 | Vaults:4 | Received a gift from Okawaru
 41514 | Vaults:5 | Reached XP level 22. HP: 113/201 MP: 19/28
 41517 | Vaults:5 | Cast into level 2 of the Abyss (a deep elf demonologist)
 41864 | Abyss:2  | Reached skill level 15 in Shields
 42016 | Vaults:5 | Escaped the Abyss
 42179 | Vaults:5 | Received a gift from Okawaru
 42194 | Vaults:5 | Cast into level 3 of the Abyss (a deep elf demonologist)
 42436 | Abyss:3  | Found a corrupted altar of Lugonu.
 42521 | Abyss:3  | Gained mutation: Your spells are easier to cast, but less
                  | powerful. [a neqoxec]
 42523 | Abyss:3  | Gained mutation: Your body sometimes deteriorates upon
                  | taking damage. [a neqoxec]
 42524 | Abyss:3  | Gained mutation: You are clumsy. (Dex -2) [a neqoxec]
 42526 | Abyss:3  | Gained mutation: You are dopey. (Int -2) [a neqoxec]
 42647 | Vaults:5 | Escaped the Abyss
 42682 | Vaults:5 | Identified the +0 scale mail of the Eleven Continents {rC+
                  | Int+3 Stlth-} (Okawaru gifted it to you on level 5 of the
                  | Vaults)
 42704 | Vaults:5 | Got a silver rune of Zot
 43056 | Vaults:4 | Reached skill level 18 in Dodging
 43479 | Vaults:5 | Noticed Boris
 43504 | Vaults:4 | Killed Boris
 43571 | Vaults:4 | Received a gift from Okawaru
 43572 | Vaults:4 | Identified the +4 scimitar "Baziuc" {elec, Will+ Dex+4}
                  | (Okawaru gifted it to you on level 4 of the Vaults)
 43692 | Vaults:5 | Noticed Xtahua
 43729 | Vaults:4 | Killed Xtahua
 44221 | Vaults:5 | Noticed a golden dragon
 44239 | Vaults:5 | Killed a golden dragon
 44239 | Vaults:5 | Received a gift from Okawaru
 44242 | Vaults:5 | Identified the +1 cloak of the Villain {+Inv rF+} (Okawaru
                  | gifted it to you on level 5 of the Vaults)
 44261 | Vaults:5 | Identified the ring "Zoimapoq" {Ice rN+ Will+ Stlth+}
 44397 | Vaults:5 | Reached XP level 23. HP: 158/211 MP: 20/29
 44467 | Vaults:5 | Identified Sif Muna's Compendium of Lightness and Snow
 44591 | Vaults:4 | Cast into level 2 of the Abyss (a deep elf sorcerer)
 44591 | Abyss:2  | Found a corrupted altar of Lugonu.
 44791 | Abyss:2  | Found a corrupted altar of Lugonu.
 44920 | Abyss:2  | Reached skill level 19 in Dodging
 44928 | Abyss:2  | Found a corrupted altar of Lugonu.
 45479 | Vaults:4 | Escaped the Abyss
 45659 | Vaults:5 | Noticed an ancient lich
 45832 | Vaults:4 | Killed an ancient lich
 45832 | Vaults:4 | Received a gift from Okawaru
 46158 | Vaults:5 | Received a gift from Okawaru
 46863 | Depths:1 | Entered Level 1 of the Depths
 47076 | Depths:1 | Found Xevoczix's General Store.
 47082 | Depths:1 | Bought a scroll of teleportation for 48 gold pieces
 47082 | Depths:1 | Bought a scroll of fear for 56 gold pieces
 47088 | Depths:1 | Found Ofemn's Magic Scroll Boutique.
 47090 | Depths:1 | Found Nisagul's Armour Shop.
 47092 | Depths:1 | Found Ushrotutt's Distillery.
 47107 | Depths:1 | Bought a potion of might for 76 gold pieces
 47107 | Depths:1 | Bought a potion of curing for 57 gold pieces
 47107 | Depths:1 | Bought a potion of heal wounds for 95 gold pieces
 47107 | Depths:1 | Bought a potion of curing for 57 gold pieces
 47107 | Depths:1 | Bought a potion of might for 76 gold pieces
 47107 | Depths:1 | Bought 2 potions of might for 152 gold pieces
 47132 | Depths:1 | Bought a scroll of enchant armour for 157 gold pieces
 47132 | Depths:1 | Bought a scroll of enchant armour for 157 gold pieces
 47132 | Depths:1 | Bought a scroll of identify for 42 gold pieces
 47132 | Depths:1 | Bought a scroll of identify for 42 gold pieces
 47132 | Depths:1 | Bought a scroll of fog for 42 gold pieces
 47132 | Depths:1 | Bought a scroll of magic mapping for 73 gold pieces
 47132 | Depths:1 | Bought a scroll of identify for 42 gold pieces
 47403 | Depths:1 | Found a one-way gate leading to the halls of Pandemonium.
 47595 | Depths:1 | Found a gateway to a ziggurat.
 48550 | Depths:2 | Noticed a caustic shrike
 48550 | Depths:2 | a caustic shrike changed into an eleionoma
 48594 | Depths:2 | Reached skill level 20 in Dodging
 48921 | Depths:2 | Identified the +11 halberd of Zeasatecu {flame, rN+ Int+2}
 48952 | Depths:2 | Reached XP level 24. HP: 110/222 MP: 20/29
 49115 | Depths:2 | Received a gift from Okawaru
 50073 | Depths:3 | Noticed Mennas
 50091 | Depths:3 | Killed Mennas
 50326 | Depths:3 | Received a gift from Okawaru
 50507 | Depths:3 | Lost mutation: You are clumsy. (Dex -2) [potion of
                  | mutation]
 50507 | Depths:3 | Lost mutation: You have supernaturally acute eyesight.
                  | (SInv) [potion of mutation]
 50507 | Depths:3 | Gained mutation: You have supernaturally acute eyesight.
                  | (SInv) [potion of mutation]
 50507 | Depths:3 | Gained mutation: You are partially covered in yellow
                  | scales. (AC +2) [potion of mutation]
 50508 | Depths:3 | Lost mutation: You are partially covered in yellow scales.
                  | (AC +2) [potion of mutation]
 50508 | Depths:3 | Lost mutation: Your spells are easier to cast, but less
                  | powerful. [potion of mutation]
 50508 | Depths:3 | Gained mutation: You have large cloven feet. [potion of
                  | mutation]
 50508 | Depths:3 | Lost mutation: Your body sometimes deteriorates upon taking
                  | damage. [potion of mutation]
 50508 | Depths:3 | Gained mutation: You are partially covered in iridescent
                  | scales. (AC +2) [potion of mutation]
 50783 | Depths:3 | Noticed a juggernaut
 50807 | Depths:3 | Killed a juggernaut
 50811 | Depths:3 | HP: 1/223 [stone giant/large rock (31)]
 51281 | Depths:4 | Found a portal to a secret trove of treasure.
 51624 | Depths:4 | Reached skill level 21 in Dodging
 51690 | Depths:4 | Found a one-way gate to the infinite horrors of the Abyss.
 51997 | Depths:4 | Noticed Saint Roka
 52006 | Depths:4 | Paralysed by a floating eye for 3 turns
 52026 | Depths:4 | Killed Saint Roka
 52763 | Depths:5 | Entered Level 5 of the Depths
 52773 | Depths:5 | Noticed Boris
 52794 | Depths:5 | Killed Boris
 52794 | Depths:5 | Received a gift from Okawaru
 52966 | Depths:5 | Found a runed translucent gate.
 52966 | Depths:5 | Found a runed translucent gate.
 52966 | Depths:5 | Found a runed translucent gate.
 52969 | Depths:5 | Noticed JazCRAWL's ghost (legendary MiBe)
 53297 | Depths:5 | Reached XP level 25. HP: 212/232 MP: 29/29
 54023 | Depths:5 | Found a gate to the Realm of Zot.
 54236 | Depths:5 | Identified the +0 plate armour of Wiru {rCorr} (You found
                  | it on level 5 of the Depths)
 54550 | Depths:5 | Identified the ring "Veirin" {*Drain rC+ Dex+3 Stlth+}
 54558 | Depths:5 | Paralysed by a great orb of eyes for 4 turns
 54589 | Depths:5 | Received a gift from Okawaru
 54746 | Depths:5 | Reached skill level 22 in Dodging
 54855 | Depths:5 | Killed JazCRAWL's ghost
 55126 | Depths:4 | You paid a toll of 16 potions of curing to enter a treasure
                  | trove
 55127 | Trove    | Entered a treasure trove
 55216 | Hell     | Entered the Vestibule of Hell
 55216 | Hell     | Noticed Geryon
 55275 | Zot:1    | Entered Level 1 of the Realm of Zot
 56957 | Zot:2    | Acquired 1129 gold pieces
 56970 | Zot:2    | Noticed an orb of fire
 57004 | Zot:1    | Gained mutation: You are frail. (-10% HP) [an orb of fire]
 57016 | Zot:1    | Killed an orb of fire
 57204 | Zot:2    | Identified the +4 plate armour of Sloth {Will+ Str+2 Int+4}
                  | (You found it on level 2 of the Realm of Zot)
 57240 | Zot:2    | Reached XP level 26. HP: 206/219 MP: 29/29
 57277 | Zot:2    | Received a gift from Okawaru
 57513 | Zot:2    | You fall into a shaft and drop 1 floor!
 57602 | Zot:3    | Reached skill level 23 in Dodging
 57929 | Zot:2    | Received a gift from Okawaru
 59360 | Zot:3    | Received a gift from Okawaru
 59516 | Zot:4    | Noticed an orb of fire
 59517 | Zot:4    | Gained mutation: You occasionally shout uncontrollably at
                  | your foes. [an orb of fire]
 59525 | Zot:4    | Gained mutation: You are very frail. (-20% HP) [an orb of
                  | fire]
 60300 | Zot:4    | Noticed an orb of fire
 60312 | Zot:4    | Lost mutation: You have supernaturally acute eyesight.
                  | (SInv) [an orb of fire]
 60333 | Zot:4    | Killed an orb of fire
 60569 | Zot:4    | Gained mutation: Scrolls take you a little longer to read.
                  | [an orb of fire]
 60571 | Zot:4    | Gained mutation: Scrolls take you longer to read. [an orb
                  | of fire]
 60580 | Zot:4    | Gained mutation: Scrolls take you much longer to read. [an
                  | orb of fire]
 60588 | Zot:4    | Killed an orb of fire
 60588 | Zot:4    | Received a gift from Okawaru
 60868 | Zot:4    | Cast into level 4 of the Abyss (green draconian knight)
 60927 | Zot:4    | Escaped the Abyss
 60969 | Zot:4    | Reached XP level 27. HP: 112/203 MP: 29/29
 61123 | Zot:4    | Reached skill level 24 in Dodging
 61493 | Zot:5    | Entered Level 5 of the Realm of Zot
 62873 | Zot:5    | Noticed an ancient lich
 62874 | Zot:5    | Noticed an orb of fire
 62885 | Zot:5    | Noticed an orb of fire
 62888 | Zot:5    | Noticed an ancient lich
 62890 | Zot:5    | Noticed an orb of fire
 62890 | Zot:5    | Noticed an orb of fire
 62909 | Zot:5    | Gained mutation: Armour fits poorly on your strangely
                  | shaped body. [an orb of fire]
 62914 | Zot:5    | Killed an orb of fire
 62914 | Zot:5    | Received a gift from Okawaru
 62927 | Zot:5    | Killed an orb of fire
 62929 | Zot:5    | Gained mutation: Your body sometimes deteriorates upon
                  | taking damage. [an orb of fire]
 62942 | Zot:5    | Killed an orb of fire
 62968 | Zot:5    | Killed an orb of fire
 62976 | Zot:5    | Noticed an orb of fire
 62993 | Zot:5    | Gained mutation: Potions are less effective at restoring
                  | your health. [an orb of fire]
 63004 | Zot:5    | Killed an orb of fire
 63014 | Zot:5    | Killed an ancient lich
 63014 | Zot:5    | Noticed an orb of fire
 63015 | Zot:5    | Gained mutation: Potions are poor at restoring your health.
                  | [an orb of fire]
 63019 | Zot:5    | Gained mutation: You are very dopey. (Int -4) [an orb of
                  | fire]
 63022 | Zot:5    | Gained mutation: Your spells are easier to cast, but less
                  | powerful. [an orb of fire]
 63033 | Zot:5    | Gained mutation: You do not regenerate when monsters are
                  | visible. [an orb of fire]
 63043 | Zot:5    | HP: 2/207 [orb of fire/bolt of fire (20)]
 63045 | Zot:5    | Killed from afar by an orb of fire

Illustrated notes

Levels and vault maps discovered:
D:1:      lightli_arrival_boilingwater, layout_rooms, minmay_tripent
D:2:      layout_loops_corners
D:3:      layout_rooms, serial_curves, eino_curves_02, eino_curves_02,
          cheibriados_altar_2
D:4:      layout_loops_ring, lemuel_altar_in_water
D:5:      layout_basic, marbit_many_paths
D:6:      layout_basic, minmay_temple_entry_glassed_door,
          kennysheep_generic_room_8, uniq_menkaure, uniq_eustachio
D:7:      layout_cave_pods
D:8:      layout_basic, david_lair_generic
D:9:      layout_long_grid
D:10:     layout_cave_pools, serial_shops, nicolae_shop_stone, basic_altar
D:11:     layout_cave_pools, erik_orc_2, gammafunk_ghost_icy
D:12:     layout_long_grid, enter_bailey_5, serial_shops, shop, uniq_snorg
D:13:     hangedman_cross_veins, layout_loops_corners,
          grunt_vaults_entry_fortified, minmay_bent
D:14:     layout_rooms, gauntlet_entry_generic
D:15:     hangedman_depths_entry_try_elsewhere_first, layout_basic,
          minmay_misc_feat_encased, minmay_lindwurm_lava, uniq_azrael
Temple:   regret_index_temple_chain_breaker
Lair:1:   layout_loops_ring, basic_altar, ebering_ghost_disaster_area,
          infiniplex_staircase_pool, uniq_gastronok
Lair:2:   layout_cave_pods, guppyfry_snake_entry_garden,
          portal_ice_cave_entry_ice_beasts, grunt_megastairs_2
Lair:3:   layout_chaotic_city, minmay_swamp_entry_reptiles, fungi_pond_lemuel,
          grunt_megastairs_1
Lair:4:   layout_gridlike, gammafunk_ghost_ooze, grunt_megastairs_3,
          lemuel_fruit_tree
Lair:5:   layout_regular_city
Lair:6:   evil_forest, layout_misc_corridors, minmay_slime_entry_pillars,
          grunt_forest_large_clearing_hut, serial_bayou_shore_b,
          serial_bayou_shore_a
Swamp:1:  layout_basic_swamp, hangedman_swamp_diagram, swamp_pool1,
          st_shrine_of_shade, uniq_josephine
Swamp:2:  layout_basic_swamp, nicolae_swamp_stair_fork, swamp_pool3,
          nicolae_swamp_treefoil
Swamp:3:  gammafunk_mikee_crab_dinner, layout_falls_marsh,
          infiniplex_staircase_pool_2, swamp_pool3
Swamp:4:  swamp, layout_basic_swamp
Snake:1:  layout_rooms
Snake:2:  skrybe_snakes_to_sticks, layout_chambers, serial_shops, shop
Snake:3:  layout_chambers, serial_bayou_shore_b, minmay_shop_grove,
          grunt_megastairs_5, serial_bayou_shore_b
Snake:4:  snake_pit, layout_cave_town
Orc:1:    layout_caves, lightli_church_of_beogh
Orc:2:    grunt_orc_cross, layout_diamond_mine
Vaults:1: vaults_room_fancy_cross, nicolae_vaults_twisting_passages,
          nicolae_vaults_stairing_the_circle, ontoclasm_vaults_ring_square,
          hangedman_vaults_stream, nicolae_vaults_specimen_jars, v_misc_27,
          nicolae_vaults_holding_cells, ontoclasm_vaults_loading_screen,
          vaults_dpeg_ring, layout_vaults_omnigrid
Vaults:2: v_pattern_2, nicolae_vaults_alarming, v_misc_25,
          ontoclasm_vaults_twist, v_misc_3, nicolae_vaults_circle_grid_b,
          vaults_room_pools, v_alt_pattern_1, nicolae_vaults_big_ls,
          vaults_standard_mumra_x, hangedman_vaults_restitches,
          nicolae_vaults_little_squares_5, nicolae_vaults_ring_of_whatevers,
          vaults_mumra_lcd, nicolae_vaults_asterisk, layout_vaults_omnicross,
          dummy_crypt_entry
Vaults:3: hangedman_vaults_variations, st_star, ontoclasm_vaults_gateway,
          ontoclasm_vaults_ligature, ontoclasm_vaults_spin,
          nicolae_vaults_little_ls, v_rooms_5, grunt_vaults_bifocal,
          ontoclasm_vaults_decontamination, v_pattern_4, v_misc_30,
          vaults_standard_mumra_enter_the_diamond, layout_vaults_maze_bifur,
          uniq_margery
Vaults:4: v_rooms_1, v_misc_3, nicolae_vaults_little_squares_6, v_misc_5,
          vaults_room_door_ring, vaults_room_grid, v_misc_4,
          nicolae_vaults_what_the_h, v_misc_32, nicolae_vaults_asterisk,
          vaults_dpeg_cross, serial_ice_g, layout_vaults_omnibox, uniq_boris
Vaults:5: serial_shops, uniq_xtahua
Depths:1: layout_honeycomb, enter_ziggurat_f, serial_shops, nicolae_shop_trees,
          grunt_mini_vestibule, serial_bayou_shore_b,
          grunt_pan_entry_in_and_out, lemuel_nasty_fountain, minmay_shop_star
Depths:2: radiant_caverns_b_rkd, hell_entry
Depths:3: nzn_winding_woodlands_medium [nzn_winding_woodlands_5x5_closed_star,
          nzn_winding_woodlands_5x15_zeroes,
          nzn_winding_woodlands_5x5_checkerboard,
          nzn_winding_woodlands_5x5_default,
          nzn_winding_woodlands_center_pierced_h,
          nzn_winding_woodlands_5x5_three, nzn_winding_woodlands_5x5_cross,
          nzn_winding_woodlands_5x15_cabin, nzn_winding_woodlands_hourglass],
          layout_long_grid, ebering_dispersal_statue_hall, hell_entry,
          rand_demon_pan_entry_8, st_stairs_5, infiniplex_staircase_pillars_2,
          firewood_loft, uniq_mennas
Depths:4: minmay_ornate_pinched, layout_cave_shapes, glass_columns_a,
          grunt_pan_entry_sceptre, hangedman_geh_valley, enter_trove_0,
          abyss_entry, minmay_staircase_bubble, uniq_saint_roka
Depths:5: lemuel_castle_with_subvaults [lemuel_castle_interior_carwin_3],
          layout_small_grid, gammafunk_ghost_split, bh_walls_and_bars,
          pf_coc_iceberg, abyss_entry, serial_sigils_hangedman_shear,
          minmay_pinched_square
Hell
Zot:1:    lemuel_draconian_sentries, layout_misc_corridors
Zot:2:    layout_onion_interference
Zot:3:    kennysheep_bubbly, layout_cathedral_of_symmetry
Zot:4:    layout_gridlike, hangedman_elemental_grid_stream
Zot:5:    layout_misc_corridors, st_stairs_3, grunt_ministairs_4, drop_trap,
          lemuel_flame_loot_1

Skill      XL: |  1  2  3  4  5  6  7  8  9 10 11 12 13 14 15 16 17 18 19 20 21 22 23 24 25 26 27 |
---------------+----------------------------------------------------------------------------------+-----
Long Blades    | 4 5 6 7 9 11 12 13 14 15 16 18 19 20 22 | 22.0
Fighting       | 3 4 5 6 8 10 11 12 14 15 16 17 18 19 20 21 23 | 23.4
Dodging        | 4 5 6 7 8 9 10 11 12 13 15 17 18 20 21 22 23 24 | 24.0
Shields        | 1 2 3 5 7 8 9 10 11 13 14 15 17 18 19 20 21 | 21.7
Armour         | 1 2 3 5 7 8 9 10 11 13 15 16 17 18 19 20 | 20.0
Invocations    | 1 3 5 6 7 9 10 | 10.0
Evocations     | 1 3 5 6 9 12 14 17 18 19 20 21 | 21.0
Throwing       | |  2.0

Action                   |  1- 3 |  4- 6 |  7- 9 | 10-12 | 13-15 | 16-18 | 19-21 | 22-24 | 25-27 || total
-------------------------+-------+-------+-------+-------+-------+-------+-------+-------+-------++-------
Melee: Long sword        |    13 |       |   189 |   231 |       |       |       |       |       ||   433
       Headbutt          |     9 |    26 |    74 |   106 |   283 |   757 |   676 |   846 |   742 ||  3519
       Dagger            |    74 |   106 |   111 |       |       |       |       |       |       ||   291
       Scimitar          |       |       |       |   281 |   943 |  2383 |  1792 |  2314 |  1890 ||  9603
       Double sword      |       |       |       |       |       |       |    37 |       |       ||    37
Throw: Throwing net      |       |       |       |     1 |       |       |       |       |       ||     1
Invok: Heroism           |       |       |       |     4 |     5 |     3 |       |       |     4 ||    16
       Finesse           |       |       |       |       |     1 |       |       |       |     1 ||     2
Evoke: Wand              |       |       |     3 |    15 |     9 |     1 |       |     5 |     8 ||    41
       Condenser vane    |       |       |       |     2 |     3 |     6 |     5 |     7 |     6 ||    29
       Lightning rod     |       |       |       |       |     6 |       |       |       |       ||     6
       Box of beasts     |       |       |       |       |       |       |     3 |     3 |     4 ||    10
  Use: Scroll            |     7 |       |    15 |     6 |     6 |    15 |    17 |    19 |    18 ||   103
       Potion            |       |       |     1 |     5 |     5 |     3 |     6 |     8 |    11 ||    39
 Stab: Invisible         |       |       |       |     4 |       |       |       |       |       ||     4
       Confused          |       |       |       |       |       |     2 |       |     2 |       ||     4
       Distracted        |       |       |       |       |       |       |       |     3 |    10 ||    13
Armor: Leather armour    |     5 |       |       |       |       |       |       |       |       ||     5
       Ring mail         |     9 |    22 |    83 |    60 |   116 |       |       |       |       ||   290
       Skin              |       |       |       |     4 |       |       |       |       |       ||     4
       Scale mail        |       |       |       |       |   106 |   631 |   328 |   379 |       ||  1444
       Gold dragon scale |       |       |       |       |       |       |       |   111 |   772 ||   883
Dodge: Dodged            |    49 |    35 |   155 |   199 |   465 |  1225 |   926 |  1411 |   890 ||  5355
Block: Kite shield       |       |    39 |   175 |   275 |   557 |   548 |       |       |       ||  1594
       Tower shield      |       |       |       |       |       |  1576 |  1646 |  2012 |  1677 ||  6911
       Reflection        |       |       |       |       |       |    82 |   143 |    65 |    23 ||   313
       Rpst.: Long sword |     1 |       |    21 |    22 |       |       |       |       |       ||    44
       Scimitar          |       |       |       |    25 |   110 |   237 |   182 |   224 |   136 ||   914
       Double sword      |       |       |       |       |       |       |     3 |       |       ||     3
